 Dungeon Crawl Stone Soup version 0.29.1-1-gd02db6906a (webtiles) character file.

Game seed: 13666720976466579973

44 MisterFreud the Covert (level 3, 0/35 HPs)
             Began as a Gnoll Delver on Oct 7, 2022.
             Succumbed to a kobold's poison
             ... on level 6 of the Dungeon.
             The game lasted 00:00:48 (182 turns).

MisterFreud the Covert (Gnoll Delver)                Turns: 182, Time: 00:00:48

Health: 0/35       AC:  3    Str: 11    XL:     3   Next: 62%
Magic:  4/4        EV: 13    Int: 11    God:
Gold:   25         SH:  0    Dex: 13    Spells: 0/3 levels left

rFire   . . .      SeeInvis .   a - +0 short sword
rCold   . . .      Faith    .   (no shield)
rNeg    . . .      Spirit   .   b - +0 leather armour
rPois   .          Reflect  .   (no helmet)
rElec   .          Harm     .   (no cloak)
rCorr   .          Rampage  .   (no gloves)
Will    .....                   (no boots)
Stlth   ++++......              (no amulet)
HPRegen 0.11/turn               (no ring)
MPRegen 0.09/turn               (no ring)

@: lethally poisoned (0 -> -4)
A: fangs 1, strong nose, distributed training
a: no special abilities


You were on level 6 of the Dungeon.
You visited 1 branch of the dungeon, and saw 3 of its levels.

You collected 25 gold pieces.

Inventory:

Hand Weapons
 a - a +0 short sword (weapon)
Armour
 b - a +0 leather armour (worn)
Wands
 g - a wand of digging (3)
Scrolls
 c - 2 scrolls of fog
 d - a scroll of magic mapping
 e - 3 scrolls of fear
Potions
 f - a potion of haste


   Skills:
 + Level 6.5 Fighting
 + Level 4.5 Short Blades
 + Level 0.9 Long Blades
 + Level 0.9 Axes
 + Level 0.9 Maces & Flails
 + Level 0.9 Polearms
 + Level 0.9 Staves
 + Level 0.9 Ranged Weapons
 + Level 0.9 Throwing
 + Level 0.9 Armour
 + Level 4.5 Dodging
 + Level 9.6 Stealth
 + Level 0.9 Shields
 + Level 0.9 Unarmed Combat
 + Level 0.9 Spellcasting
 + Level 0.6 Conjurations
 + Level 0.6 Hexes
 + Level 0.6 Summonings
 + Level 0.6 Necromancy
 + Level 0.6 Translocations
 + Level 0.6 Transmutations
 + Level 0.6 Fire Magic
 + Level 0.6 Ice Magic
 + Level 0.6 Air Magic
 + Level 0.6 Earth Magic
 + Level 0.6 Poison Magic
 + Level 1.0 Invocations
 + Level 0.9 Evocations


You couldn't memorise any spells.
You knew the following spells:

 Your Spells              Type           Power      Damage    Failure   Level
a - Mephitic Cloud        Conj/Pois/Air  1%         N/A       69%         3

Your spell library contained the following spells:

 Spells                   Type           Power      Damage    Failure   Level
 Magic Dart               Conj           4%         1d3       32%         1
 Call Imp                 Summ           1%         N/A       45%         2


Dungeon Overview and Level Annotations

Branches:
Dungeon (7/15)
 Temple: D:4-7

Altars:


Innate Abilities, Weirdness & Mutations

You have very sharp teeth.
Your uncanny sense of smell can sniff out nearby items.
Your experience applies equally to all skills.


Message History

You kill the orc!
A kobold brigand comes into view.
It is wielding a +0 club and quivering curare-tipped darts.
The kobold hits you with a +0 whip. The orc barely misses you.
Things that are here:
a +0 dagger; a +0 war axe; an orc corpse You closely miss the orc.
Your bite misses the orc.
The orc is heavily wounded.
The kobold closely misses you. The orc hits you with a +0 dagger.
You are too injured to fight recklessly!
You hit the orc.
The orc is severely wounded.
A kobold comes into view. It is wielding a +0 club.
The kobold hits you but does no damage. The orc misses you.
You are too injured to fight recklessly!
The kobold shouts!
You hit the orc.
You kill the orc!
The kobold hits you with a +0 whip. The kobold attacks as you move away!
The kobold closely misses you. The kobold attacks as you move away!
The kobold hits you with a +0 whip.
* * * LOW HITPOINT WARNING * * *
The kobold throws a poisoned dart.
The poisoned dart hits you!
You are lethally poisoned!
* * * LOW HITPOINT WARNING * * *
You feel very sick.
* * * LOW HITPOINT WARNING * * *
You feel sick.
There is a stone staircase leading up here.
* * * LOW HITPOINT WARNING * * *
You feel sick.
You climb upwards.
* * * LOW HITPOINT WARNING * * *
You feel sick.
There is a stone staircase leading down here.
Okay, then.
Unknown command.
Okay, then.
Unknown command.
There is a lethal amount of poison in your body!
You die...

#..
#.#
#.#
#<#
#.#
#.#
#.#
#.##
#@.#
##.#
#.#
#.#
∆
#.#
#.#
.#.
. #
##


There were no monsters in sight!

Vanquished Creatures
  An iguana (D:6)
  An adder (D:5)
  5 orcs (D:7)
7 creatures vanquished.

Notes
Turn   | Place    | Note
-------+----------+-------------------------------------------
     0 | D:5      | Reached skill level 9 in Stealth
     0 | D:5      | MisterFreud the Gnoll Delver began the quest for the Orb.
     0 | D:5      | Reached XP level 1. HP: 23/23 MP: 1/1
    10 | D:6      | Noticed an iguana
    11 | D:6      | Killed an iguana
    12 | D:6      | Reached XP level 2. HP: 29/29 MP: 2/2
    12 | D:6      | Reached XP level 3. HP: 35/35 MP: 3/3
    40 | D:5      | Reached skill level 1 in Invocations
   107 | D:5      | Learned a level 3 spell: Mephitic Cloud
   170 | D:7      | Noticed a kobold brigand
   181 | D:6      | HP: 1/35 [poisoned by a kobold]
   182 | D:6      | Succumbed to a kobold's poison

Illustrated notes

Levels and vault maps discovered:
D:5:      layout_rooms, tgw_trog, mainiacjoe_overflow_alcove_2,
          cheibrodos_sewer_entry_bend
D:6:      layout_loops_ring, vehumet_altar_wand_db,
          mainiacjoe_overflow_divided_tiny, kennysheep_dice, uniq_grinder,
          uniq_edmund
D:7:      layout_loops_ring, general_overflow_altar,
          nicolae_ossuary_entry_catacombs, amcnicky_mini_corridor_feature,
          kennysheep_generic_room_15, uniq_joseph

Skill      XL: |  1  2  3 |
---------------+----------+-----
Stealth        | |  9.6
Invocations    | 1 |  1.0
Fighting       | |  6.5
Short Blades   | |  4.5
Long Blades    | |  0.9
Axes           | |  0.9
Maces & Flails | |  0.9
Polearms       | |  0.9
Staves         | |  0.9
Ranged Weapons | |  0.9
Throwing       | |  0.9
Armour         | |  0.9
Dodging        | |  4.5
Shields        | |  0.9
Unarmed Combat | |  0.9
Spellcasting   | |  0.9
Conjurations   | |  0.6
Hexes          | |  0.6
Summonings     | |  0.6
Necromancy     | |  0.6
Translocations | |  0.6
Transmutations | |  0.6
Fire Magic     | |  0.6
Ice Magic      | |  0.6
Air Magic      | |  0.6
Earth Magic    | |  0.6
Poison Magic   | |  0.6
Evocations     | |  0.9

Action                   || total
-------------------------++-------
Melee: Short sword       ||    31
       Bite              ||     2
       Punch             ||     1
 Stab: Sleeping          ||     3
Armor: Leather armour    ||     9
Dodge: Dodged            ||    28
